 Dungeon Crawl Stone Soup version 0.31-a0-965-g8a8ce12e04 (webtiles) character file.

Game seed: 13191961102540476629

2677 Hubris850 the Grappler (level 9, -2/54 HPs)
             Began as an Octopode Shapeshifter on Oct 26, 2023.
             Was an Initiate of Gozag.
             Killed from afar by a white imp (12 damage)
             ... with a puff of frost
             ... on level 7 of the Dungeon.
             The game lasted 00:21:31 (7022 turns).

Hubris850 the Grappler (Octopode Shapeshifter)      Turns: 7022, Time: 00:21:32

Health: -2/54      AC:  1    Str: 14      XL:     9   Next: 64%
Magic:  14/14      EV: 14    Int: 14      God:    Gozag
Gold:   661        SH:  0    Dex: 12 (13) Spells: 8/14 levels left

rFire   . .          .
                       - Unarmed
rCold   . . .        (shield currently unavailable)
rNeg    . . .        (helmet restricted)
rPois   .            (no amulet)
rElec   .            (no ring)
rCorr   .            (no ring)
SInv    .            (no ring)
Will    .....        (no ring)
Stlth   +            (no ring)
HPRegen 0.29/turn    (no ring)
MPRegen 0.14/turn    (no ring)
                     (no ring)

%: no passive effects
@: confused, flux-form, gold aura, glowing
A: glow, contaminating, almost no armour, amphibious, 8 rings, camouflage 1,
gelatinous body 1, (nimble swimmer 1), tentacles
a: Begin Untransformation, Renounce Religion, Potion Petition, Call Merchant,
Bribe Branch


You were on level 7 of the Dungeon.
You worshipped Gozag.
Gozag was pleased with you.
You were something dangerously unstable.
You visited 1 branch of the dungeon, and saw 7 of its levels.

You collected 721 gold pieces.
You paid 60 gold pieces to Gozag.

Inventory:

Hand Weapons
 p - a +6 rapier of draining
 w - a +0 sling of electrocution
Missiles
 o - 3 javelins
 v - a boomerang
 x - 3 poisoned darts
Talismans
 b - a beast talisman
 c - a flux talisman (active)
Wands
 e - a wand of polymorph (8)
 n - a wand of flame (33)
Scrolls
 i - a scroll of teleportation {unknown}
 k - a scroll of poison {unknown}
 l - a scroll of revelation {unknown}
 m - a scroll of amnesia {unknown}
 q - 2 scrolls of noise {unknown}
 s - a scroll of fog {unknown}
Potions
 a - 2 potions of lignification
 d - 2 potions of mutation
 f - a potion of cancellation
 g - a potion of haste
 h - a potion of invisibility
 j - 3 potions of might
 r - 2 potions of curing {unknown}
 t - a potion of brilliance {unknown}
 u - a potion of heal wounds


   Skills:
 - Level 2.0 Fighting
 - Level 3.5 Dodging
 - Level 8.2 Unarmed Combat
 + Level 3.3 Spellcasting
 - Level 2.0 Conjurations
 - Level 3.0 Hexes
 - Level 2.0 Necromancy
 - Level 7.6 Shapeshifting


You had 8 spell levels left.
You knew the following spells:

 Your Spells              Type           Power      Damage    Failure   Level
a - Kiss of Death         Conj/Necr      28%        2d7       9%          1
b - Jinxbite              Hex            20%        N/A       9%          2
c - Confusing Touch       Hex            10%        N/A       19%         3

Your spell library contained the following spells:

 Spells                   Type           Power      Damage    Failure   Level
 Ensorcelled Hibernation  Hex/Ice        12%        N/A       17%         2
 Tukima's Dance           Hex            10%        N/A       19%         3
 Summon Small Mammal      Summ           8%         N/A       21%         1
 Poisonous Vapours        Pois/Air       4%         N/A       30%         2
 Inner Flame              Hex/Fire       6%         N/A       32%         3
 Summon Guardian Golem    Hex/Summ       6%         N/A       32%         3
 Mephitic Cloud           Conj/Pois/Air  4%         N/A       43%         3
 Call Canine Familiar     Summ           2%         N/A       52%         3
 Anguish                  Hex/Necr       4%         N/A       58%         4
 Dispel Undead            Necr           7%         3d8       65%         4
 Dimensional Bullseye     Hex/Tloc       3%         N/A       73%         4
 Flame Wave               Conj/Fire      5%         2d5       80%         4
 Iskenderun's Mystic Bla  Conj/Tloc      5%         2d3       80%         4
 Sticky Flame             Conj/Fire      5%         2d3       80%         4
 Freezing Cloud           Conj/Ice/Air   2%         6-21      99%         5


Dungeon Overview and Level Annotations

Branches:
Dungeon (7/15)
 Temple: D:4-7

Altars:
Ashenzari
Elyvilon
Gozag
Nemelex Xobeh

Shops:
D:4 !   D:5 (

Annotations:
D:5 Pikel


Innate Abilities, Weirdness & Mutations

You are something dangerously unstable.
You glow with magical radiation, making you easy to see and hit.
Foes you strike become dangerously contaminated with magical radiation.
You are incapable of wielding weapons or throwing items.
You cannot wear most types of armour.
You are amphibious.
You can wear up to eight rings at the same time.
Your skin changes colour to match your surroundings (Stealth+).
Your rubbery body absorbs attacks. (AC +1, EV +1)
((You are camouflaged when in or above water. (Stealth+)))
You have tentacles for arms and can constrict up to eight enemies at once.


Message History

You kill the orc wizard!
You closely miss the white imp. Your grab misses the white imp.
The white imp hits you. The white imp freezes you.
An orc wizard comes into view. It is wielding a +4 dagger.
You tentacle-slap the white imp.
The white imp begins to glow.
You grab the white imp.
The white imp is moderately wounded.
You constrict the white imp, but do no damage.
The white imp completely misses you.
You tentacle-slap the orc wizard.
The orc wizard begins to glow.
Your grab misses the orc wizard. Your squeeze misses the orc wizard.
The orc wizard is moderately wounded.
You constrict the white imp. The white imp closely misses you.
The orc wizard gestures at you while chanting.
You are confused.
You release your grip on the white imp.
The white imp misses you.
You're too confused to move!
The orc wizard hits you with a +0 dagger.
The white imp barely misses you.
You barely miss the white imp.
The white imp is severely wounded.
You bump into the rock wall.
The orc wizard barely misses you. The white imp gestures at you.
The puff of frost hits you!
You barely miss the orc wizard.
The orc wizard is lightly wounded.
You hear the creaking of a very distant portcullis.
The orc wizard stops glowing.
The orc wizard completely misses you.
The white imp grins evilly.
The white imp gestures at you. The puff of frost hits you!
* * * LOW HITPOINT WARNING * * *
You bump into the rock wall.
The orc wizard gestures wildly while chanting.
The orc wizard flickers and vanishes!
Deactivating autopickup; reactivate with Ctrl-A.
The white imp gestures at you. The puff of frost hits you!
You die...
Your body crumbles into a pile of gold.

### #.# #.# ..#
#.# #.# #.# . #.#
#.# ..# #.# #.#
.#..# #.# #.#
......#p######.#
#....5{.$...#.###
..#.#...)))......#
............#.#.#
#..
#..#.#######.#.#.#
#.# .. #. #.#.#.#
#.# . # #.#.#.#
#.## #.#.#.# ...
#.#.#.#


You could see a white imp (contam).

Vanquished Creatures
  The ghost of RepHenryClay the Chopper, an amateur MeFi (D:3)
  Prince Ribbit (D:4)
  Sigmund (D:6)
  Menkaure (D:6)
  Edmund (D:6)
  Duvessa (D:5)
  3 ice beasts
  2 orc warriors
  A black bear (D:5)
  4 lemures
  2 phantoms (D:6)
  A kobold brigand (D:7)
  2 bullfrogs
  2 scorpions
  Dowan (D:5)
  A quasit (D:7)
  2 hounds
  4 orc priests
  3 iguanas
  6 orc wizards
  Ijyb (D:5)
  3 gnolls (D:4)
  9 adders
  A white imp (D:6)
  An ufetubus (D:7)
  6 worms
  5 dart slugs
  21 orcs
  5 ball pythons
  8 bats
  7 endoplasms
  5 giant cockroaches
  5 goblins
  7 hobgoblins
  2 jackals (D:3)
  3 quokkas
  5 frilled lizards
  7 kobolds
  3 rats
144 creatures vanquished.

Vanquished Creatures (others)
  A butterfly (D:3)
1 creature vanquished.

Grand Total: 145 creatures vanquished

Notes
Turn   | Place    | Note
-------+----------+-------------------------------------------
     0 | D:1      | Hubris850 the Octopode Shapeshifter began the quest for the
                  | Orb.
     0 | D:1      | Reached XP level 1. HP: 13/13 MP: 1/1
    74 | D:1      | Reached XP level 2. HP: 11/18 MP: 2/2
   289 | D:1      | Reached XP level 3. HP: 23/23 MP: 3/3
  1112 | D:2      | Reached XP level 4. HP: 18/29 MP: 4/4
  1667 | D:3      | Noticed a bullfrog
  1668 | D:3      | Found a runed translucent door.
  2170 | D:3      | Noticed an ice beast
  2180 | D:3      | Killed an ice beast
  2181 | D:3      | Reached skill level 4 in Unarmed Combat
  2181 | D:3      | Reached XP level 5. HP: 7/34 MP: 5/5
  2312 | D:3      | Noticed RepHenryClay's ghost (amateur MeFi)
  2333 | D:3      | Reached XP level 6. HP: 37/39 MP: 6/6
  2480 | D:3      | Found a white marble altar of Elyvilon.
  2888 | D:3      | Killed RepHenryClay's ghost
  2889 | D:3      | Reached skill level 5 in Unarmed Combat
  2889 | D:3      | Reached skill level 5 in Shapeshifting
  2889 | D:3      | Reached XP level 7. HP: 10/45 MP: 7/7
  2894 | D:3      | HP: 3/67 [poisoned by RepHenryClay's ghost]
  3485 | D:4      | Learned a level 1 spell: Kiss of Death
  3488 | D:4      | Learned a level 2 spell: Jinxbite
  3492 | D:4      | Learned a level 3 spell: Confusing Touch
  3650 | D:4      | Found Nyfi's Distillery.
  4018 | D:4      | Found a broken altar of Ashenzari.
  4019 | D:4      | Found an opulent altar of Gozag.
  4024 | D:4      | Became a worshipper of Gozag Ym Sagoz the Greedy
  4124 | D:5      | Entered Level 5 of the Dungeon
  4124 | D:5      | Noticed Pikel
  4127 | D:5      | Noticed Prince Ribbit
  4131 | D:4      | Reached skill level 6 in Unarmed Combat
  4191 | D:4      | HP: 2/67 [lemure[Pikel] (6)]
  4204 | D:4      | Killed Prince Ribbit
  4205 | D:4      | Reached XP level 8. HP: 28/50 MP: 8/8
  4457 | D:5      | Noticed Ijyb
  4476 | D:5      | Killed Ijyb
  4807 | D:5      | Reached skill level 7 in Unarmed Combat
  5205 | D:5      | Noticed Duvessa
  5236 | D:5      | Noticed Dowan
  5246 | D:5      | Killed Duvessa
  5253 | D:5      | Killed Dowan
  5440 | D:5      | Found Wisec's Hydra Hut.
  5442 | D:5      | Noticed a four-headed hydra
  5641 | D:6      | Reached skill level 8 in Unarmed Combat
  5641 | D:6      | Reached XP level 9. HP: 38/54 MP: 9/9
  5901 | D:6      | Found a sparkling altar of Nemelex Xobeh.
  5995 | D:6      | Noticed Edmund
  6002 | D:6      | Killed Edmund
  6003 | D:6      | Reached skill level 1 in Spellcasting
  6003 | D:6      | Reached skill level 1 in Conjurations
  6003 | D:6      | Reached skill level 1 in Hexes
  6003 | D:6      | Reached skill level 1 in Necromancy
  6148 | D:6      | Noticed Sigmund
  6167 | D:6      | Killed Sigmund
  6221 | D:6      | Noticed a boulder beetle
  6243 | D:6      | Noticed Menkaure
  6252 | D:6      | Killed Menkaure
  6524 | D:6      | HP: 2/54 [orc/+0 trident (6)]
  7022 | D:7      | Killed from afar by a white imp

Illustrated notes

Levels and vault maps discovered:
D:1:      wander_arrival_fairy_ring, layout_loops_ring, minmay_tetromino_i2
D:2:      layout_loops_ring
D:3:      layout_basic, nicolae_elyvilon_peaceful_grove, ebering_ghost_sewer_d
D:4:      layout_loops_cross, gammafunk_temple_overflow_statue, serial_shops,
          shop, minmay_misc_feat_tiny
D:5:      layout_rooms, doesnt_shop_hydraphobe, uniq_pikel, uniq_ijyb,
          uniq_prince_ribbit1, uniq_duvessa
D:6:      layout_basic, nemelex_xobeh_ov_fountains_minmay, st_stairs_3,
          lightli_corner_chamber, uniq_edmund, uniq_menkaure, uniq_sigmund
D:7:      layout_basic, grunt_temple_overflow_holy_war,
          minmay_temple_entry_mini_moons, enter_bailey_2, serial_demonic,
          serial_demonic_f, serial_demonic_a, serial_demonic_f,
          serial_demonic_d, serial_demonic_e, serial_demonic_g,
          kennysheep_generic_room_9

Skill      XL: |  1  2  3  4  5  6  7  8  9 |
---------------+----------------------------+-----
Fighting       | 2 |  2.0
Dodging        | 3 |  3.5
Unarmed Combat | 4 5 6 8 |  8.2
Shapeshifting  | 4 5 6 7 |  7.6
Spellcasting   | 3 |  3.3
Conjurations   | 2 |  2.0
Hexes          | 3 |  3.0
Necromancy     | 2 |  2.0

Action                     |  1- 3 |  4- 6 |  7- 9 || total
---------------------------+-------+-------+-------++-------
  Melee: Unarmed           |    65 |    64 |   234 ||   363
         Constrict         |    19 |    19 |    53 ||    91
         Tentacles         |     8 |    13 |    54 ||    75
         Punch             |     1 |     5 |     1 ||     7
  Throw: Javelin           |       |     3 |     1 ||     4
Ability: Begin Untransform |       |       |     1 ||     1
    Use: Potion            |       |     5 |     7 ||    12
         Scroll            |       |     3 |     1 ||     4
   Stab: Sleeping          |     3 |     5 |       ||     8
         Distracted        |     1 |       |     1 ||     2
         Invisible         |       |       |     3 ||     3
 Armour: Skin              |    22 |    39 |   136 ||   197
  Dodge: Dodged            |    32 |    23 |   113 ||   168
   Form: Flux              |       |       |     1 ||     1

Table legend: (Time is in decaauts)
 A = Elapsed time spent in this place.
 B = Non-inter-level travel time spent in this place.
 C = Inter-level travel time spent in this place.
 D = Time resting spent in this place.
 E = Time spent auto-exploring this place.
 F = Levels seen in this place.
 G = Mean time per level.
                   A        B        C        D        E       F      G
               +--------+--------+--------+--------+--------+-----+--------+
         Total |   6989 |   6819 |    170 |   1848 |   3678 |   7 |  998.4 |
       Dungeon |   6989 |   6819 |    170 |   1848 |   3678 |   7 |  998.4 |
               +--------+--------+--------+--------+--------+-----+--------+

Top non-repeatable levels by time:
     D:3: 1641 daAuts
     D:4: 1417 daAuts
     D:6: 1264 daAuts
     D:5: 899 daAuts
     D:2: 825 daAuts
     D:1: 738 daAuts
     D:7: 203 daAuts
